 Dungeon Crawl Stone Soup version 0.31.0-11-ge490571c62 (webtiles) character file.

Game seed: 5429783867797613853

23645 Sora the Basher (level 12, 0/172 HPs)
             Began as a Troll Gladiator on Jan 29, 2024.
             Was the Champion of Cheibriados.
             Slain by a slime creature (6 damage)
             ... on level 13 of the Dungeon.
             The game lasted 00:39:01 (9359 turns).

Sora the Basher (Troll Gladiator)                   Turns: 9359, Time: 00:39:06

Health: 0/172      AC: 13    Str: 57    XL:     12   Next: 73%
Magic:  11/11      EV: 14    Int: 23    God:    Cheibriados [******]
Gold:   910        SH:  0    Dex: 25    Spells: 11/11 levels left

rFire   + . .        x - +11 flail "Leumnah" {pain, Int+4 SInv}
rCold   . . .        (no shield)
rNeg    . . .        J - +2 swamp dragon scales
rPois   +            b - +0 hat
rElec   +            (no cloak)
rCorr   .            (gloves unavailable)
SInv    +            (boots unavailable)
Will    +....        H - amulet "Ynkag" {+Blink rElec Regen+ Str+7 Dex-3} Stlth
                     G - ring of Moderation {Wiz rF+ Will+ Dex+2}
HPRegen 2.08/turn    r - +6 ring of strength
MPRegen 0.12/turn

%: wizardry (x1)
@: berserking, very slow
A: large, unfitting armour, claws 3, regeneration 1, shaggy fur 1, tough skin 1
a: Renounce Religion, Evoke Blink, Bend Time, Temporal Distortion, Slouch, Step
From Time


You were on level 13 of the Dungeon.
You worshipped Cheibriados.
Cheibriados was exalted by your worship.
You visited 2 branches of the dungeon, and saw 14 of its levels.

You collected 1660 gold pieces.
You spent 750 gold pieces at shops.

Inventory:

Hand Weapons
 x - the +11 flail "Leumnah" (weapon) {pain, Int+4 SInv}
   (You found it on level 5 of the Dungeon)

   Int+4:     It affects your intelligence (+4).
   SInv:      It lets you see invisible.
Missiles
 c - 3 throwing nets (quivered)
 d - 26 large rocks
Armour
 b - a +0 hat (worn)
 J - +2 swamp dragon scales (worn)
Jewellery
 i - a +6 ring of dexterity
 r - a +6 ring of strength (right claw)
 s - a ring of fire
 z - a ring of positive energy
 G - the ring of Moderation (left claw) {Wiz rF+ Will+ Dex+2}
   (You acquired it on level 7 of the Dungeon)

   [ring of wizardry]

   Wiz:       It improves your spell success rate.
   Dex+2:     It affects your dexterity (+2).
   rF+:       It protects you from fire.
   Will+:     It increases your willpower.
 H - the amulet "Ynkag" (around neck) {+Blink rElec Regen+ Str+7 Dex-3}
   (You acquired it on level 7 of the Dungeon)

   [amulet of regeneration]

   Str+7:     It affects your strength (+7).
   Dex-3:     It affects your dexterity (-3).
   rElec:     It insulates you from electricity.
   +Blink:    It lets you blink.
   Regen+:    It increases your rate of health regeneration.
 L - a ring of ice
 O - a ring of poison resistance
 Q - a ring of see invisible
Wands
 p - a wand of light (3)
 C - a wand of charming (15)
 I - a wand of flame (37)
 M - a wand of roots (4)
Scrolls
 a - 4 scrolls of vulnerability
 k - 4 scrolls of enchant weapon
 q - 2 scrolls of brand weapon
 u - a scroll of amnesia {unknown}
 w - a scroll of noise {unknown}
 y - a scroll of fog
 A - 2 scrolls of immolation {unknown}
 B - a scroll of revelation {unknown}
 D - 2 scrolls of teleportation
 E - 3 scrolls of poison
 F - a scroll of fear {unknown}
 K - a scroll of silence {unknown}
Potions
 e - 3 potions of might {unknown}
 f - 5 potions of curing {unknown}
 g - a potion of cancellation {unknown}
 h - 2 potions of enlightenment {unknown}
 j - 2 potions of mutation {unknown}
 l - a potion of degeneration {unknown}
 m - a potion of magic {unknown}
 n - a potion of berserk rage
 o - 6 potions of haste {unknown}
 t - 3 potions of brilliance {unknown}
 v - 2 potions of attraction {unknown}
 N - a potion of resistance {unknown}
 P - a potion of ambrosia {unknown}


   Skills:
 + Level 6.9 Fighting
 * Level 12.4 Maces & Flails
 + Level 1.8 Throwing
 + Level 6.5 Armour
 + Level 6.1 Dodging
 + Level 2.7 Stealth
 - Level 6.2 Unarmed Combat
 * Level 6.7 Necromancy
 + Level 0.7 Evocations


You had 11 spell levels left.
You didn't know any spells.
Your spell library contained the following spells:

 Spells                   Type           Power      Damage    Failure   Level
 Cigotuvi's Dreadful Rot  Necr/Alch/Air  20%        N/A       4%          2
 Magic Dart               Conj           0%         1d3       8%          1
 Blink                    Tloc           0%         N/A       12%         2
 Call Imp                 Summ           0%         N/A       12%         2
 Gell's Gravitas          Tloc           0%         N/A       22%         3
 Inner Flame              Hex/Fire       0%         N/A       22%         3
 Teleport Other           Tloc           0%         N/A       22%         3
 Flame Wave               Conj/Fire      0%         2d4       56%         4
 Ignite Poison            Fire/Alch      0%         N/A       56%         4
 Sticky Flame             Fire/Alch      0%         2d4       56%         4
 Freezing Cloud           Conj/Ice/Air   0%         6-21      87%         5
 Dispersal                Tloc           0%         N/A       100%        6


Dungeon Overview and Level Annotations

Branches:
Dungeon (13/15)            Temple (1/1) D:6            Lair (0/5) D:11
    Orc (0/2) D:11
 Vaults: D:13-14

Altars:
Ashenzari
Cheibriados
Dithmenos
Elyvilon
Fedhas
Gozag
Hepliaklqana
Kikubaaqudgha
Makhleb
Nemelex Xobeh
Okawaru
Qazlal
Ru
Sif Muna
Trog
Uskayaw
Vehumet
Wu Jian
Xom
Yredelemnul
Zin
The Shining One

Shops:
D:7 [*   D:9 *

Annotations:
D:4 2 transporters, Raspi's ghost, amateur GnWn
D:8 2 transporters, dakkaduck's ghost, journeyman MiBe
D:11 exclusion: 2 oklob plants


Innate Abilities, Weirdness & Mutations

You are too large for most types of armour.
You have claws for hands.
Your natural rate of healing is unusually fast.
You are covered in fur. (AC +1)
You have tough skin. (AC +1)


Message History

The large slime creature closely misses you.
The slime creature hits you but does no damage.
The slime creature hits you!
The very large slime creature hits you!!
You sock the large slime creature!
The large slime creature writhes in agony.
The large slime creature is heavily wounded.
The large slime creature hits you.
The slime creature hits you but does no damage.
You sock the large slime creature!
The large slime creature writhes in agony.
The large slime creature is heavily wounded.
The slime creature hits you but does no damage.
The very large slime creature completely misses you.
The slime creature misses you. The large slime creature misses you.
You bludgeon the large slime creature!!
The large slime creature writhes in agony.
The large slime creature is severely wounded.
The very large slime creature hits you!!!
* * * LOW HITPOINT WARNING * * *
The slime creature completely misses you.
As you read the scroll of fog, it dissolves into smoke.
A large slime creature splits.
The slime creature barely misses you.
The slime creature completely misses you.
The very large slime creature hits you!
* * * LOW HITPOINT WARNING * * *
You hit the slime creature.
The slime creature writhes in agony.
The slime creature is almost dead.
The slime creature hits you!
* * * LOW HITPOINT WARNING * * *
The slime creature hits you but does no damage. x2
The very large slime creature hits you.
* * * LOW HITPOINT WARNING * * *
It was a potion of berserk rage.
A red film seems to cover your vision as you go berserk!
Cheibriados protects you from inadvertent hurry.
You feel mighty! The slime creature closely misses you.
The slime creature hits you but does no damage. x2
The slime creature hits you.
You die...

#############
##...........##
##./...........##
##<..§...........##
##.§J§§............##
#..§J@J#............##
#...§JJ###............#
#......§§#..............
......................#.
........)............###
..........(...###.....#.
.............## ##......
.............# #....##
#.... #


You could see a very large slime creature and 4 slime creatures.

Vanquished Creatures
  2 boulder beetles (D:12)
  Erica (D:9)
  4 two-headed ogres
  2 tengu warriors (D:13)
  3 skeletal warriors (D:11)
  4 slime creatures
  Pikel (D:8)
  A deep elf pyromancer (D:13)
  2 ugly things (D:12)
  5 cyclopes
  A manticore (D:13)
  3 gargoyles
  2 unseen horrors
  A kobold demonologist (D:12)
  An efreet (D:13)
  6 trolls
  A hornet (D:9)
  A shadow (D:10)
  21 yaks
  A wyvern (D:8)
  7 vampire mosquitoes (D:11)
  4 steam dragons
  2 acid dragons
  2 water moccasins (D:7)
  An orc warrior (D:10)
  A black bear (D:5)
  An ice beast (D:6)
  3 ogres (D:6)
  3 centaurs
  A phantom (D:5)
  2 kobold brigands
  5 bullfrogs
  A gnoll sergeant (D:9)
  A scorpion (D:6)
  13 wights
  5 killer bees (D:8)
  3 bombardier beetles
  A hound (D:6)
  5 orc priests
  2 jellies
  3 gnoll boudas
  A sleepcap (D:5)
  3 iguanas
  12 orc wizards
  7 adders
  19 gnolls
  A shadow imp (D:7)
  4 white imps
  3 ufetubi
  2 ribbon worms
  2 dart slugs
  31 orcs
  9 endoplasms
  A giant cockroach (D:1)
  6 goblins
  9 hobgoblins
  4 jackals (D:2)
  4 quokkas
  4 ball pythons
  10 bats
  3 frilled lizards (D:1)
  21 kobolds
  5 rats
290 creatures vanquished.

Vanquished Creatures (others)
  A human (D:3)
  An orc wizard (D:5)
  A gnoll (D:7)
  A white imp (D:8)
  A kobold (D:11)
5 creatures vanquished.

Grand Total: 295 creatures vanquished

Notes
Turn   | Place    | Note
-------+----------+-------------------------------------------
     0 | D:1      | Sora the Troll Gladiator began the quest for the Orb.
     0 | D:1      | Reached XP level 1. HP: 19/19 MP: 0/0
   108 | D:1      | Reached XP level 2. HP: 27/27 MP: 1/1
   588 | D:2      | Reached XP level 3. HP: 35/35 MP: 2/2
   679 | D:2      | Found a glowing silver altar of Zin.
   831 | D:2      | Reached XP level 4. HP: 42/42 MP: 3/3
  1118 | D:3      | Found a snail-covered altar of Cheibriados.
  1123 | D:3      | Became a worshipper of Cheibriados the Contemplative
  1192 | D:3      | Found an ancient bone altar of Kikubaaqudgha.
  1193 | D:3      | Noticed a human
  1196 | D:3      | Killed a human
  1235 | D:3      | Reached XP level 5. HP: 49/49 MP: 4/4
  1363 | D:3      | Identified the +1 leather armour of the Devil's Advocate
                  | {Regen+}
  1662 | D:4      | Found a transporter.
  1665 | D:4      | Noticed Raspi's ghost (amateur GnWn)
  1690 | D:4      | Reached * piety under Cheibriados
  1755 | D:4      | Reached skill level 5 in Unarmed Combat
  1891 | D:4      | Reached XP level 6. HP: 54/57 MP: 5/5
  2033 | D:4      | Found a glowing silver altar of Zin.
  2090 | D:4      | Found a transporter.
  2272 | D:5      | Entered Level 5 of the Dungeon
  2339 | D:5      | HP: 2/57 [black bear (6)]
  2344 | D:5      | Reached skill level 1 in Stealth
  2408 | D:5      | Reached XP level 7. HP: 58/66 MP: 6/6
  2422 | D:5      | Identified the +11 flail "Leumnah" {pain, Int+4 SInv}
  2506 | D:5      | Found a radiant altar of Vehumet.
  2506 | D:5      | Found a basalt altar of Yredelemnul.
  2920 | D:6      | Found a staircase to the Ecumenical Temple.
  2949 | D:6      | Reached skill level 1 in Maces & Flails
  2954 | D:6      | Reached ** piety under Cheibriados
  2955 | D:6      | Reached skill level 1 in Necromancy
  3074 | D:6      | Reached skill level 2 in Maces & Flails
  3251 | D:6      | Reached XP level 8. HP: 48/75 MP: 7/7
  3436 | D:6      | Reached skill level 3 in Maces & Flails
  3470 | D:6      | Found a sparkling altar of Nemelex Xobeh.
  3530 | D:6      | Reached skill level 4 in Maces & Flails
  3736 | Temple   | Entered the Ecumenical Temple
  3911 | D:7      | Identified 2 scrolls of acquirement
  3912 | D:7      | Acquired the amulet "Ynkag" {+Blink rElec Regen+ Str+7
                  | Dex-3}
  3923 | D:7      | Acquired the ring of Moderation {Wiz rF+ Will+ Dex+2}
  3945 | D:7      | Reached *** piety under Cheibriados
  3946 | D:7      | Reached skill level 5 in Maces & Flails
  4031 | D:7      | Acquired 872 gold pieces
  4077 | D:7      | Found Bunor's Serpentskin Sales.
  4117 | D:7      | Bought +0 swamp dragon scales for 750 gold pieces
  4161 | D:7      | Found Wecox's Armour Boutique.
  4369 | D:7      | Reached XP level 9. HP: 63/84 MP: 8/8
  4371 | D:7      | Reached skill level 6 in Maces & Flails
  4853 | D:8      | Reached skill level 1 in Armour
  5022 | D:8      | Noticed Pikel
  5039 | D:8      | Killed Pikel
  5039 | D:8      | Reached **** piety under Cheibriados
  5040 | D:8      | Reached skill level 7 in Maces & Flails
  5137 | D:8      | Found a transporter.
  5142 | D:8      | Found a bloodstained altar of Trog.
  5143 | D:8      | Noticed dakkaduck's ghost (journeyman MiBe)
  5155 | D:8      | Found a transporter.
  5158 | D:8      | Noticed a two-headed ogre
  5163 | D:8      | Noticed a moth of wrath
  5236 | D:8      | Reached skill level 5 in Dodging
  5630 | D:9      | Reached XP level 10. HP: 84/93 MP: 9/9
  5635 | D:9      | Reached skill level 8 in Maces & Flails
  5644 | D:9      | Reached ***** piety under Cheibriados
  5772 | D:9      | Found a hide-covered altar of Uskayaw.
  5931 | D:9      | Reached skill level 9 in Maces & Flails
  5968 | D:9      | Found Deusaoff's Overcharged Wands.
  6021 | D:9      | Found a bloodstained altar of Trog.
  6178 | D:9      | Noticed Erica
  6181 | D:9      | Killed Erica
  6182 | D:9      | Reached skill level 5 in Fighting
  6275 | D:10     | Entered Level 10 of the Dungeon
  6347 | D:10     | Identified the +3 sling of Jenis {freeze, rC+++ rCorr MP-9
                  | Dex-3}
  6481 | D:10     | Reached XP level 11. HP: 67/102 MP: 10/10
  6537 | D:10     | Noticed a two-headed ogre
  6544 | D:10     | Killed a two-headed ogre
  6545 | D:10     | Reached skill level 5 in Necromancy
  6721 | D:10     | Found a sacrificial altar of Ru.
  6962 | D:11     | Reached skill level 10 in Maces & Flails
  6962 | D:11     | Reached skill level 5 in Armour
  6970 | D:11     | Reached ****** piety under Cheibriados
  6984 | D:11     | Noticed a skeletal warrior
  6985 | D:11     | Noticed a skeletal warrior
  6997 | D:11     | Killed a skeletal warrior
  7031 | D:11     | Noticed a skeletal warrior
  7044 | D:11     | Killed a skeletal warrior
  7156 | D:11     | Found a staircase to the Orcish Mines.
  7352 | D:11     | Killed a skeletal warrior
  7447 | D:11     | Found a staircase to the Lair.
  7447 | D:11     | Noticed an oklob plant
  7451 | D:11     | Noticed an oklob plant
  7589 | D:11     | Noticed a two-headed ogre
  7594 | D:11     | Killed a two-headed ogre
  7735 | D:11     | Noticed a two-headed ogre
  7738 | D:11     | Killed a two-headed ogre
  7956 | D:11     | Reached skill level 11 in Maces & Flails
  8226 | D:12     | Noticed a green ugly thing
  8236 | D:12     | Killed a green ugly thing
  8242 | D:12     | Reached XP level 12. HP: 92/114 MP: 11/11
  8365 | D:12     | Noticed a boulder beetle
  8376 | D:12     | Killed a boulder beetle
  8435 | D:12     | Noticed a two-headed ogre
  8444 | D:12     | Killed a two-headed ogre
  8582 | D:12     | Noticed a boulder beetle
  8595 | D:12     | Killed a boulder beetle
  9017 | D:13     | Reached skill level 12 in Maces & Flails
  9171 | D:13     | Noticed a tengu warrior
  9172 | D:13     | Noticed a tengu warrior
  9182 | D:13     | Killed a tengu warrior
  9187 | D:13     | Killed a tengu warrior
  9358 | D:13     | HP: 4/115 [slime creature (14)]
  9359 | D:13     | Slain by a slime creature

Illustrated notes

Levels and vault maps discovered:
D:1:      dpeg_arrival_arbitrary_a, layout_rooms, minmay_close_crescents
D:2:      layout_rooms, basic_altar
D:3:      layout_rooms, tgw_kikubaaqudgha, mainiacjoe_overflow_six_doors_small
D:4:      layout_basic, mainiacjoe_overflow_catwalk, gammafunk_ghost_mausoleum,
          minmay_ruptured
D:5:      layout_basic, gammafunk_temple_overflow_statue
D:6:      layout_basic, nemelex_dance_club_becter,
          minmay_temple_entry_purple_smoke, grunt_ministairs_9,
          nicolae_twisty_statue_hallways
D:7:      layout_gridville, serial_shops, shop, minmay_misc_feat_plants,
          guppyfry_shop_venom
D:8:      layout_gridville, gammafunk_ghost_wrathful_warriors, uniq_pikel
D:9:      layout_gridville, nicolae_uskayaw_dance_hall, lemuel_doored_altar,
          chequers_serial_rivers_small_b, nicolae_shop_overcharged_wands,
          uniq_erica
D:10:     layout_basic, nicolae_ru_the_path_less_chosen
D:11:     layout_grid_maze, dpeg_oklobed_lair, orc_0_dummy
D:12:     layout_loops_cross
D:13:     layout_big_octagon, minmay_increasing_density
Temple:   nicolae_temple_figure_eight

Skill      XL: |  1  2  3  4  5  6  7  8  9 10 11 12 |
---------------+-------------------------------------+-----
Unarmed Combat | 4 5 6 |  6.2
Dodging        | 3 4 5 6 |  6.1
Fighting       | 2 3 4 5 6 |  6.9
Stealth        | 1 2 |  2.7
Maces & Flails | 2 5 7 9 11 12 | 12.4
Necromancy     | 1 2 3 4 6 |  6.7
Armour         | 2 4 5 6 |  6.5
Throwing       | |  1.8
Evocations     | |  0.7

Action                     |  1- 3 |  4- 6 |  7- 9 | 10-12 || total
---------------------------+-------+-------+-------+-------++-------
  Melee: Unarmed           |    90 |   104 |       |       ||   194
         Punch             |     3 |     5 |     5 |    13 ||    26
         Flail             |       |       |   183 |   358 ||   541
Ability: Evoke Blink       |       |       |       |     2 ||     2
  Evoke: Wand              |       |       |       |     1 ||     1
    Use: Potion            |       |     3 |       |     6 ||     9
         Scroll            |       |       |    11 |     7 ||    18
   Stab: Sleeping          |     1 |     2 |     4 |     1 ||     8
 Armour: Robe              |    52 |   106 |    87 |       ||   245
         Swamp dragon scal |       |       |    92 |   401 ||   493
  Dodge: Dodged            |    43 |    92 |   136 |   312 ||   583
